[Event "LEM Sachsen-Anhalt Open 2024"]
[Site "Merseburg"]
[Date "2024.02.10"]
[Round "5.10"]
[White "Lehmann, Taylor"]
[Black "Sikorra, Philipp"]
[Result "1-0"]
[ECO "A16"]
[WhiteElo "1745"]
[BlackElo "1667"]
[Annotator "NA RC"]
[PlyCount "111"]
[EventDate "2024.02.01"]
[EventType "swiss"]
[EventCountry "GER"]
[SourceTitle "playchess.com"]
[Source "ChessBase"]
[SourceQuality "1"]
[TimeControl "40/5400+30:1800+30"]

1. c4 g6 2. g3 Bg7 3. Bg2 Nf6 4. e3 d5 5. cxd5 Nxd5 6. Ne2 O-O 7. O-O c6 8. Nbc3 e5 9. Qb3 Nxc3 10. Nxc3 Qc7 11. a4 Be6 12. Qc2 a6 13. b4 Rc8 14. a5 Nd7 15. e4 Rd8 16. d3 Rac8 17. Be3 Qd6 18. Rab1 f6 19. Rfd1 Qe7 20. Na4 Qf7 21. Nb6 Nxb6 22. Bxb6 Re8 23. Rf1 Bf8 24. h4 h5 25. Qe2 Bd6 26. Kh2 Qe7 27. Qd2 Kg7 28. Bh3 Qd7 29. Bxe6 Rxe6 30. Qe3 Qe7 31. Bc5 Rd8 32. Rb3 Qd7 33. Rfb1 Bc7 34. Kg2 Qf7 35. f4 f5 36. fxe5 Bxe5 37. Rf1 Rf6 38. Rbb1 fxe4 39. Rxf6 Bxf6 40. Re1 Rxd3 41. Qxe4 Qd5 42. Qxd5 Rxd5 43. Re8 Rd7 44. Kf3 Kf7 45. Rf8+ Ke6 46. Re8+ Be7 47. Ke4 Kf7 48. Rxe7+ Rxe7+ 49. Bxe7 Kxe7 50. Ke5 Kd7 51. Kf6 b5 52. axb6 Kd6 53. Kxg6 a5 54. bxa5 c5 55. Kf5 Kd5 56. b7 1-0

[Event "LEM Sachsen-Anhalt Open 2024"]
[Site "Merseburg"]
[Date "2024.02.10"]
[Round "6.1"]
[White "Moser, Axel"]
[Black "Geldner, Gerrit"]
[Result "1-0"]
[ECO "D31"]
[WhiteElo "2094"]
[BlackElo "1889"]
[Annotator "NA RC"]
[PlyCount "105"]
[EventDate "2024.02.01"]
[EventType "swiss"]
[EventCountry "GER"]
[SourceTitle "playchess.com"]
[Source "ChessBase"]
[SourceQuality "1"]
[TimeControl "40/5400+30:1800+30"]

1. d4 d5 2. c4 e6 3. Nf3 a6 4. cxd5 exd5 5. Nc3 c6 6. Bf4 Nf6 7. e3 Bd6 8. Be5 h6 9. Bd3 Be6 10. O-O O-O 11. h3 c5 12. Bxd6 Qxd6 13. dxc5 Qxc5 14. Rc1 Qa5 15. Nd4 Bd7 16. Bc2 Nc6 17. Nb3 Qb4 18. Nxd5 Nxd5 19. Qxd5 Be6 20. Qd3 g6 21. Qc3 Rac8 22. Qf6 Qe7 23. Qxe7 Nxe7 24. Rfd1 Rfd8 25. Rxd8+ Rxd8 26. a3 Rc8 27. Bd1 Bxb3 28. Rxc8+ Nxc8 29. Bxb3 Nd6 30. f3 Kf8 31. e4 f6 32. Kf2 Ke7 33. Ke3 Nb5 34. Bc4 Na7 35. Bd5 b6 36. Bb7 a5 37. a4 Kd6 38. Kd4 Kc7 39. Bd5 Nc8 40. e5 f5 41. f4 Ne7 42. h4 Kd7 43. Bf7 Kc7 44. Kc4 Kc6 45. Be8+ Kc7 46. g3 Kd8 47. Bf7 Kc7 48. Kb5 Kb7 49. Be8 Ka7 50. Bc6 Ng8 51. e6 Ne7 52. Bf3 Nc8 53. Kc6 1-0

[Event "LEM Sachsen-Anhalt Open 2024"]
[Site "Merseburg"]
[Date "2024.02.10"]
[Round "6.2"]
[White "Carnot, Luca"]
[Black "Urban, Tom"]
[Result "1-0"]
[ECO "D12"]
[WhiteElo "2063"]
[BlackElo "1696"]
[Annotator "NA RC"]
[PlyCount "113"]
[EventDate "2024.02.01"]
[EventType "swiss"]
[EventCountry "GER"]
[SourceTitle "playchess.com"]
[Source "ChessBase"]
[SourceQuality "1"]
[TimeControl "40/5400+30:1800+30"]

1. d4 d5 2. Nf3 Nf6 3. e3 Bf5 4. c4 c6 5. Qb3 Qb6 6. Nc3 e6 7. c5 Qc7 8. Nh4 Bg6 9. Nxg6 hxg6 10. g3 Nbd7 11. Bg2 e5 12. O-O Be7 13. Qa4 O-O 14. b4 a6 15. Qd1 Rfe8 16. a4 Bf8 17. Bb2 b5 18. e4 exd4 19. Qxd4 dxe4 20. axb5 axb5 21. Rxa8 Rxa8 22. Nxe4 Nxe4 23. Qxe4 Ra6 24. Ra1 Rxa1+ 25. Bxa1 Qa7 26. Qd4 Nxc5 27. bxc5 Qxc5 28. Qxc5 Bxc5 29. Bxc6 b4 30. Kf1 Kf8 31. Ke2 g5 32. f3 f6 33. g4 Ke7 34. Kd3 Bd6 35. h3 Ke6 36. Ke4 Kf7 37. Bd5+ Kg6 38. Be6 Be7 39. Bb2 b3 40. Bxb3 Bb4 41. Kd5 Be7 42. Ke6 Bb4 43. Bc2+ Kh6 44. Kf7 Bc5 45. Bc3 Bd6 46. Ba5 Bc5 47. Bd8 Bb4 48. Be7 Bc3 49. Bf8 f5 50. Bxf5 Bd4 51. Bd6 Bc3 52. h4 Bd4 53. Bg6 Bc3 54. f4 Bf6 55. Be5 gxh4 56. g5+ Bxg5 57. Bxg7# 1-0

[Event "LEM Sachsen-Anhalt Open 2024"]
[Site "Merseburg"]
[Date "2024.02.10"]
[Round "6.3"]
[White "Tawilah, Youssef"]
[Black "Binnewies, Markus"]
[Result "1/2-1/2"]
[ECO "A46"]
[WhiteElo "1541"]
[BlackElo "1772"]
[Annotator "NA RC"]
[PlyCount "117"]
[EventDate "2024.02.01"]
[EventType "swiss"]
[EventCountry "GER"]
[SourceTitle "playchess.com"]
[Source "ChessBase"]
[SourceQuality "1"]
[TimeControl "40/5400+30:1800+30"]

1. d4 Nf6 2. Nf3 c6 3. c3 g6 4. Bf4 d6 5. Nbd2 Nh5 6. Bg3 f5 7. e3 Be6 8. Ng5 Bg8 9. f4 h6 10. Ngf3 Nf6 11. Bc4 a5 12. Bxg8 Rxg8 13. Qe2 d5 14. Ne5 Nbd7 15. c4 e6 16. c5 Nxe5 17. fxe5 Nh7 18. O-O b5 19. cxb6 Qxb6 20. Rab1 Be7 21. Rfc1 Nf8 22. Rc2 Kf7 23. Rbc1 Rc8 24. Be1 a4 25. b3 c5 26. Qd3 Nd7 27. Nb1 axb3 28. axb3 Ra8 29. Bf2 Ra1 30. Nd2 Rga8 31. Qf1 R1a2 32. Rxa2 Rxa2 33. Rd1 Qb4 34. Qd3 Rb2 35. Be1 cxd4 36. exd4 Bg5 37. h4 Bd8 38. Qe3 Bb6 39. Nc4 Qxb3 40. Nd6+ Kg7 41. Rd3 Qa2 42. Bd2 Rxd2 43. Rxd2 Qa7 44. Kh2 Bd8 45. Qf2 Nb6 46. Rc2 Qe7 47. g3 g5 48. h5 g4 49. Qe2 Qg5 50. Ne8+ Kf8 51. Nd6 Qxh5+ 52. Kg1 Qg5 53. Qb5 Kg7 54. Qe8 Qe7 55. Qxe7+ Bxe7 56. Rc7 Kf8 57. Rc6 Nc4 58. Nc8 Bg5 59. Rxe6 1/2-1/2

[Event "LEM Sachsen-Anhalt Open 2024"]
[Site "Merseburg"]
[Date "2024.02.10"]
[Round "6.4"]
[White "Kern, Rene"]
[Black "Winnig, Bernd"]
[Result "1-0"]
[ECO "D02"]
[WhiteElo "1792"]
[BlackElo "1883"]
[Annotator "NA RC"]
[PlyCount "53"]
[EventDate "2024.02.01"]
[EventType "swiss"]
[EventCountry "GER"]
[SourceTitle "playchess.com"]
[Source "ChessBase"]
[SourceQuality "1"]
[TimeControl "40/5400+30:1800+30"]

1. d4 e6 2. Nf3 Nf6 3. Bf4 d5 4. e3 c5 5. c3 Qb6 6. Qb3 c4 7. Qc2 Bd6 8. Bg3 Nbd7 9. b3 cxb3 10. axb3 Qc7 11. Bxd6 Qxd6 12. Nbd2 Nb6 13. Ne5 Nfd7 14. f4 Nxe5 15. fxe5 Qc7 16. Bd3 h6 17. O-O O-O 18. e4 Bd7 19. Rf3 Bc6 20. Raf1 Rac8 21. Rg3 Qe7 22. Rf4 Kh8 23. Qd1 Be8 24. Rf6 Rg8 25. Qh5 Qf8 26. Rxg7 Rxg7 27. Rxh6+ 1-0

[Event "LEM Sachsen-Anhalt Open 2024"]
[Site "Merseburg"]
[Date "2024.02.10"]
[Round "6.5"]
[White "Martemyanov, Mikhail"]
[Black "Lehmann, Taylor"]
[Result "1-0"]
[ECO "C29"]
[WhiteElo "1257"]
[BlackElo "1745"]
[Annotator "NA RC"]
[PlyCount "59"]
[EventDate "2024.02.01"]
[EventType "swiss"]
[EventCountry "GER"]
[SourceTitle "playchess.com"]
[Source "ChessBase"]
[SourceQuality "1"]
[TimeControl "40/5400+30:1800+30"]

1. e4 e5 2. Nc3 Nf6 3. f4 d5 4. fxe5 Nxe4 5. Nf3 Nxc3 6. bxc3 c5 7. d4 c4 8. Bf4 Be6 9. Be2 Be7 10. O-O g5 11. Be3 h6 12. h3 Qd7 13. Nh2 Nc6 14. Bg4 O-O-O 15. Rxf7 Rdf8 16. Rxf8+ Rxf8 17. Bxe6 Qxe6 18. Qh5 Nd8 19. Ng4 Qf5 20. Qxh6 Qxc2 21. Rc1 Qf5 22. Nf6 Ba3 23. Re1 Nf7 24. Qg7 Nxe5 25. dxe5 Qxe5 26. Qd7+ Kb8 27. Bxa7+ Kxa7 28. Rxe5 Bc5+ 29. Kh2 Rxf6 30. Rxd5 1-0

[Event "LEM Sachsen-Anhalt Open 2024"]
[Site "Merseburg"]
[Date "2024.02.10"]
[Round "6.6"]
[White "Korte, Markus"]
[Black "Patzschke, Carlo"]
[Result "1/2-1/2"]
[ECO "B50"]
[WhiteElo "1879"]
[BlackElo "1636"]
[Annotator "NA RC"]
[PlyCount "42"]
[EventDate "2024.02.01"]
[EventType "swiss"]
[EventCountry "GER"]
[SourceTitle "playchess.com"]
[Source "ChessBase"]
[SourceQuality "1"]
[TimeControl "40/5400+30:1800+30"]

1. e4 c5 2. Nf3 d6 3. c3 Nf6 4. h3 Nc6 5. Bd3 e5 6. O-O g6 7. Bc2 Bg7 8. d4 O-O 9. Re1 Qc7 10. Be3 b6 11. Na3 a6 12. Rc1 Ne7 13. Qd2 Kh8 14. Bh6 Nfg8 15. Bxg7+ Kxg7 16. dxe5 dxe5 17. Nc4 Rd8 18. Qe2 f6 19. Ne3 Be6 20. Bb3 Bxb3 21. axb3 Qb7 1/2-1/2

[Event "LEM Sachsen-Anhalt Open 2024"]
[Site "Merseburg"]
[Date "2024.02.10"]
[Round "6.7"]
[White "Hentzgen, Thomas"]
[Black "Brueckner, Julian"]
[Result "1-0"]
[ECO "E90"]
[WhiteElo "1939"]
[BlackElo "1592"]
[Annotator "NA RC"]
[PlyCount "65"]
[EventDate "2024.02.01"]
[EventType "swiss"]
[EventCountry "GER"]
[SourceTitle "playchess.com"]
[Source "ChessBase"]
[SourceQuality "1"]
[TimeControl "40/5400+30:1800+30"]

1. c4 Nf6 2. Nc3 g6 3. e4 d6 4. d4 Bg7 5. h3 O-O 6. Bg5 Nbd7 7. Nf3 c5 8. d5 Nb6 9. Bd3 e6 10. Qd2 exd5 11. cxd5 Bd7 12. O-O Rc8 13. Qf4 Qe7 14. Qh4 c4 15. Bc2 Be8 16. Rad1 Nbd7 17. Nh2 h5 18. f4 Qd8 19. e5 Qb6+ 20. Qf2 Qxf2+ 21. Rxf2 dxe5 22. fxe5 Nh7 23. Be7 Bxe5 24. Bxf8 Kxf8 25. Bxg6 Ng5 26. Bxh5 Nc5 27. Nf3 Bxc3 28. Nxg5 Ba5 29. Bxf7 Bxf7 30. Rxf7+ Kg8 31. Rdf1 Bb6 32. Kh1 Nd3 33. Ne6 1-0

[Event "LEM Sachsen-Anhalt Open 2024"]
[Site "Merseburg"]
[Date "2024.02.10"]
[Round "6.9"]
[White "Golitsyn, Yuri"]
[Black "Shevchenko, Igor"]
[Result "1/2-1/2"]
[ECO "D02"]
[WhiteElo "1781"]
[BlackElo "2105"]
[Annotator "NA COMBH"]
[PlyCount "151"]
[EventDate "2024.02.01"]
[EventType "swiss"]
[EventCountry "GER"]
[SourceTitle "playchess.com"]
[Source "ChessBase"]
[SourceQuality "1"]
[TimeControl "40/5400+30:1800+30"]

1. d4 Nf6 2. Bf4 e6 3. e3 d5 4. Nd2 Bd6 5. Bg3 O-O 6. Ngf3 c5 7. c3 Qc7 8. dxc5 Bxg3 9. hxg3 Qxc5 10. Bd3 Nbd7 11. Qe2 e5 12. e4 dxe4 13. Nxe4 Nxe4 14. Qxe4 Nf6 15. Qh4 e4 16. Bc2 Re8 17. Nd4 Bg4 18. O-O Rad8 19. Bd1 Bxd1 20. Raxd1 Qe5 21. Qf4 Qxf4 22. gxf4 Nd5 23. g3 h5 24. f5 Nf6 25. Rfe1 Rd5 26. Re2 g5 27. fxg6 fxg6 28. Rde1 Kf7 29. f3 exf3 30. Rxe8 Nxe8 31. Kf2 Nf6 32. Kxf3 Ng4 33. a4 a6 34. b4 Nf6 35. a5 Ne8 36. Re2 Nd6 37. Rc2 Kf6 38. Rc1 Re5 39. c4 Re4 40. c5 Rxd4 41. cxd6 Rxd6 42. Rc7 b6 43. axb6 Rxb6 44. Rc4 Ke5 45. Ke3 g5 46. Rc5+ Kf6 47. Rc4 Kf5 48. Kf3 Rb5 49. Rc6 Rxb4 50. Rxa6 Rb3+ 51. Kg2 Rb2+ 52. Kf3 g4+ 53. Ke3 Rb3+ 54. Kf2 Ke4 55. Re6+ Kf5 56. Re8 Rb2+ 57. Kg1 Rd2 58. Re7 Rd6 59. Kf2 Rh6 60. Re8 Kg5 61. Re7 h4 62. gxh4+ Kxh4 63. Kg2 Kg5 64. Rg7+ Kf5 65. Rf7+ Kg6 66. Rf8 Kg5 67. Rg8+ Kh4 68. Rg7 Rh5 69. Rg8 Rf5 70. Rg7 Rf4 71. Rg8 Ra4 72. Rh8+ Kg5 73. Rg8+ Kf4 74. Rf8+ Kg5 75. Rg8+ Kh4 76. Rh8+ 1/2-1/2

[Event "LEM Sachsen-Anhalt Open 2024"]
[Site "Merseburg"]
[Date "2024.02.11"]
[Round "7.1"]
[White "Carnot, Luca"]
[Black "Moser, Axel"]
[Result "1/2-1/2"]
[ECO "A43"]
[WhiteElo "2063"]
[BlackElo "2094"]
[Annotator "NA RC"]
[PlyCount "50"]
[EventDate "2024.02.01"]
[EventType "swiss"]
[EventCountry "GER"]
[SourceTitle "playchess.com"]
[Source "ChessBase"]
[SourceQuality "1"]
[TimeControl "40/5400+30:1800+30"]

1. d4 Nf6 2. Nf3 c5 3. d5 b5 4. Bg5 Qb6 5. a4 b4 6. a5 Qb7 7. Bxf6 exf6 8. e4 d6 9. Be2 g6 10. Nbd2 Bg7 11. Nc4 Qc7 12. O-O O-O 13. Qd2 Nd7 14. Qf4 Ba6 15. Nfd2 Ne5 16. Rfe1 Rad8 17. Nxe5 fxe5 18. Qe3 Bc8 19. c3 bxc3 20. Qxc3 Qe7 21. b4 cxb4 22. Qxb4 f5 23. f3 Bh6 24. Nf1 Qh4 25. Bd3 Rf7 1/2-1/2

[Event "LEM Sachsen-Anhalt Open 2024"]
[Site "Merseburg"]
[Date "2024.02.11"]
[Round "7.2"]
[White "Geldner, Gerrit"]
[Black "Tawilah, Youssef"]
[Result "1/2-1/2"]
[ECO "A23"]
[WhiteElo "1889"]
[BlackElo "1541"]
[Annotator "NA RC"]
[PlyCount "86"]
[EventDate "2024.02.01"]
[EventType "swiss"]
[EventCountry "GER"]
[SourceTitle "playchess.com"]
[Source "ChessBase"]
[SourceQuality "1"]
[TimeControl "40/5400+30:1800+30"]

1. c4 Nf6 2. Nc3 e5 3. g3 c6 4. Nf3 e4 5. Nd4 Qb6 6. e3 d5 7. cxd5 cxd5 8. d3 exd3 9. Qxd3 Nc6 10. Bg2 Be6 11. O-O a6 12. b3 Rc8 13. Nce2 Nxd4 14. Nxd4 Be7 15. Nf5 Bxf5 16. Qxf5 Qe6 17. Qd3 O-O 18. Bb2 Rfd8 19. Rac1 Ne4 20. Rxc8 Rxc8 21. Rd1 Rd8 22. Rc1 Bf6 23. Bxf6 Nxf6 24. Qd4 h6 25. Rd1 Rd7 26. Qh4 Qc6 27. Bh3 Rc7 28. Bf5 g6 29. Bb1 Kg7 30. Qd4 Qc5 31. Qxc5 Rxc5 32. Kg2 a5 33. f3 b6 34. Kf2 Ne8 35. Rd2 Kf6 36. Ke2 Nc7 37. Kd3 Nb5 38. Rc2 Na3 39. Rxc5 bxc5 40. Bc2 Nxc2 41. Kxc2 Ke6 42. Kd3 Kd6 43. a3 f5 1/2-1/2

[Event "LEM Sachsen-Anhalt Open 2024"]
[Site "Merseburg"]
[Date "2024.02.11"]
[Round "7.3"]
[White "Binnewies, Markus"]
[Black "Kern, Rene"]
[Result "0-1"]
[ECO "D02"]
[WhiteElo "1772"]
[BlackElo "1792"]
[Annotator "NA RC"]
[PlyCount "70"]
[EventDate "2024.02.01"]
[EventType "swiss"]
[EventCountry "GER"]
[SourceTitle "playchess.com"]
[Source "ChessBase"]
[SourceQuality "1"]
[TimeControl "40/5400+30:1800+30"]

1. d4 d5 2. g3 Nf6 3. Bg2 b6 4. Nf3 Bb7 5. O-O e6 6. b3 c5 7. Bb2 Nc6 8. Nbd2 cxd4 9. Nxd4 Nxd4 10. Bxd4 Bc5 11. e3 O-O 12. Bxc5 bxc5 13. c4 Qd7 14. cxd5 exd5 15. Rc1 Rac8 16. Qe2 Rfe8 17. Qd3 Qe6 18. Rfd1 Ba6 19. Qc3 Red8 20. Qa5 Qb6 21. Qa3 h6 22. h3 Bb7 23. Nf3 Ba6 24. Rd2 Ne4 25. Rdd1 Be2 26. Re1 Ba6 27. Bf1 Bb7 28. Be2 Qc7 29. Nh4 d4 30. exd4 Rxd4 31. Rc2 Nxg3 32. fxg3 Qxg3+ 33. Kf1 Qxh3+ 34. Kg1 Qh1+ 35. Kf2 Qxh4+ 0-1

[Event "LEM Sachsen-Anhalt Open 2024"]
[Site "Merseburg"]
[Date "2024.02.11"]
[Round "7.4"]
[White "Urban, Tom"]
[Black "Martemyanov, Mikhail"]
[Result "1-0"]
[ECO "B23"]
[WhiteElo "1696"]
[BlackElo "1257"]
[Annotator "NA COMBH"]
[PlyCount "87"]
[EventDate "2024.02.01"]
[EventType "swiss"]
[EventCountry "GER"]
[SourceTitle "playchess.com"]
[Source "ChessBase"]
[SourceQuality "1"]
[TimeControl "40/5400+30:1800+30"]

1. e4 c5 2. Nc3 e6 3. f4 d5 4. Nf3 d4 5. Bb5+ Bd7 6. Bxd7+ Qxd7 7. Ne2 Nc6 8. d3 Bd6 9. Bd2 Nge7 10. O-O Bc7 11. Qe1 O-O-O 12. a3 a6 13. b4 cxb4 14. axb4 Na7 15. Nexd4 Nb5 16. Nb3 Nc6 17. Be3 Qe7 18. Bc5 Qf6 19. g3 Qc3 20. Qxc3 Nxc3 21. Na5 Nb8 22. Nc4 Nd7 23. Nd6+ Bxd6 24. Bxd6 Nb5 25. Be5 Nxe5 26. Nxe5 Rhf8 27. Nf3 h6 28. Kf2 Kb8 29. Ke3 Rd6 30. c4 Na7 31. Rfb1 Rc8 32. Rb2 Rc7 33. e5 Rd8 34. Nd2 Rcd7 35. Ra3 Nc6 36. Ne4 Ne7 37. Nd6 f6 38. d4 Rc7 39. b5 axb5 40. Rxb5 Rdd7 41. Rba5 Rc6 42. Ra8+ Kc7 43. Ne8+ Kb6 44. Rb3# 1-0

[Event "LEM Sachsen-Anhalt Open 2024"]
[Site "Merseburg"]
[Date "2024.02.11"]
[Round "7.6"]
[White "Winnig, Bernd"]
[Black "Hentzgen, Thomas"]
[Result "0-1"]
[ECO "A40"]
[WhiteElo "1883"]
[BlackElo "1939"]
[Annotator "NA RC"]
[PlyCount "102"]
[EventDate "2024.02.01"]
[EventType "swiss"]
[EventCountry "GER"]
[SourceTitle "playchess.com"]
[Source "ChessBase"]
[SourceQuality "1"]
[TimeControl "40/5400+30:1800+30"]

1. d4 e6 2. c4 b6 3. e4 Bb7 4. Bd3 Bb4+ 5. Nc3 f5 6. Qe2 Nf6 7. Bg5 h6 8. Bxf6 Qxf6 9. Nf3 O-O 10. O-O Bxc3 11. bxc3 fxe4 12. Bxe4 Bxe4 13. Qxe4 Nc6 14. Rae1 Qf5 15. d5 exd5 16. cxd5 Na5 17. c4 Nb7 18. Nd4 Qxe4 19. Rxe4 Nd6 20. Re7 Rf7 21. Rxf7 Kxf7 22. Nb5 Nxb5 23. cxb5 Ke7 24. f4 Rf8 25. Re1+ Kd6 26. Re4 Rf7 27. Kf2 Kxd5 28. Ke3 Kc5 29. a4 c6 30. bxc6 dxc6 31. g4 a5 32. h4 b5 33. f5 bxa4 34. Rxa4 Kb5 35. Re4 a4 36. Kd3 c5 37. Kc3 Rd7 38. g5 a3 39. Re8 Ra7 40. Rb8+ Kc6 41. Rb1 Kd5 42. f6 gxf6 43. gxf6 Ke6 44. Kc4 a2 45. Ra1 Ra5 46. f7 Kxf7 47. Kd5 Kg6 48. Ke5 Kh5 49. Kf4 c4 50. Ke4 c3 51. Kd3 Ra3 0-1

[Event "LEM Sachsen-Anhalt Open 2024"]
[Site "Merseburg"]
[Date "2024.02.11"]
[Round "7.7"]
[White "Lehmann, Taylor"]
[Black "Dobierzin, Olaf"]
[Result "1/2-1/2"]
[ECO "B23"]
[WhiteElo "1745"]
[BlackElo "1927"]
[Annotator "NA RC"]
[PlyCount "97"]
[EventDate "2024.02.01"]
[EventType "swiss"]
[EventCountry "GER"]
[SourceTitle "playchess.com"]
[Source "ChessBase"]
[SourceQuality "1"]
[TimeControl "40/5400+30:1800+30"]

1. e4 c5 2. Nc3 Nc6 3. f4 g6 4. Bb5 Nd4 5. Bc4 e6 6. Nf3 Bg7 7. O-O a6 8. a4 Ne7 9. Re1 O-O 10. d3 d5 11. Ba2 b5 12. e5 Nxf3+ 13. Qxf3 Qb6 14. Bd2 Bb7 15. a5 Qc7 16. g4 b4 17. Ne2 d4 18. Qf2 Qc6 19. Ng3 Qf3 20. h3 Qxf2+ 21. Kxf2 Bd5 22. Bc4 Bxc4 23. dxc4 Rfc8 24. Ne4 Rc7 25. b3 Rd8 26. Ke2 Bf8 27. Kd3 Nc6 28. h4 h6 29. h5 Kg7 30. Rg1 g5 31. Rge1 Be7 32. Rf1 Rf8 33. Rae1 Rd8 34. Nf6 gxf4 35. Bxf4 Rcc8 36. g5 Bxf6 37. exf6+ Kh7 38. gxh6 Rg8 39. Rg1 e5 40. Bd2 Rce8 41. Ke4 Re6 42. Kf5 d3 43. Rxg8 Kxg8 44. Rg1+ Kh8 45. cxd3 Nd4+ 46. Ke4 Rxf6 47. Be3 Nxb3 48. Kd5 Rf3 49. Rb1 1/2-1/2

[Event "LEM Sachsen-Anhalt Open 2024"]
[Site "Merseburg"]
[Date "2024.02.11"]
[Round "7.8"]
[White "Shevchenko, Igor"]
[Black "Korte, Markus"]
[Result "1/2-1/2"]
[ECO "A31"]
[WhiteElo "2105"]
[BlackElo "1879"]
[Annotator "NA RC"]
[PlyCount "115"]
[EventDate "2024.02.01"]
[EventType "swiss"]
[EventCountry "GER"]
[SourceTitle "playchess.com"]
[Source "ChessBase"]
[SourceQuality "1"]
[TimeControl "40/5400+30:1800+30"]

1. d4 Nf6 2. c4 c5 3. Nf3 cxd4 4. Nxd4 e5 5. Nf3 Bc5 6. e3 Nc6 7. Nc3 d6 8. Be2 O-O 9. O-O e4 10. Nd2 Re8 11. a3 a5 12. Nb3 Ba7 13. Nb5 Bb8 14. N3d4 d5 15. cxd5 Qxd5 16. Nxc6 Qxc6 17. Bd2 Rd8 18. Rc1 Qe6 19. Qc2 Bd7 20. Nd4 Qd6 21. g3 h6 22. Bc3 Qe7 23. Rfd1 Be5 24. Qb3 Qe8 25. Bb5 a4 26. Bxd7 Qxd7 27. Qa2 Qh3 28. f4 Bxd4 29. Bxd4 Ng4 30. Rd2 Rac8 31. Rc3 h5 32. Qb1 Re8 33. Qc2 Rxc3 34. bxc3 b5 35. Rg2 Nh6 36. Qe2 Qf5 37. Qb2 Rc8 38. c4 Rxc4 39. Bxg7 Ng4 40. Bd4 Qc8 41. Rd2 Rc1+ 42. Kg2 Qc4 43. Re2 Qd3 44. Qd2 Qb1 45. Bb2 Rg1+ 46. Kh3 Qd3 47. Qc3 Qxc3 48. Bxc3 Rd1 49. Bd2 Rb1 50. Kh4 Rb2 51. Kxh5 Nxe3 52. Rxe3 Rxd2 53. Rxe4 Rxh2+ 54. Kg5 Rc2 55. g4 Kg7 56. Rb4 Rc5+ 57. Kh4 Kf6 58. Rb2 1/2-1/2